 Dungeon Crawl Stone Soup version 0.21.0-3-g78d12a8 (console) character file.

534 removed the Conjurer (level 7, 46/46 HPs)
             Began as a Demonspawn Wizard on Jan 15, 2018.
             Quit the game on level 4 of the Dungeon.
             The game lasted 00:08:10 (4534 turns).

removed the Conjurer (Demonspawn Wizard)            Turns: 4534, Time: 00:08:10

Health: 46/46      AC:  4    Str:  8    XL:     7   Next: 4%
Magic:  7/12       EV: 12    Int: 21    God:
Gold:   184        SH:  0    Dex: 11    Spells: 4/13 levels left

rFire    + . .     SeeInvis .   a - +0 spear (venom)
rCold    + . .     Gourm    .   (no shield)
rNeg     . . .     Faith    .   s - +0 robe
rPois    .         Spirit   .   b - +0 hat
rElec    .         Reflect  .   p - scarf {rC+ rF+}
rCorr    .         Harm     .   (no gloves)
MR       .....                  (no boots)
Stlth    ++........             e - amulet of rage
HPRegen  0.15/turn              (no ring)
MPRegen  0.13/turn              (no ring)

@: no status effects
A: antennae 2, yellow scales 1, demonic guardian 1
a: Evoke Berserk Rage


You were on level 4 of the Dungeon.
You were not hungry.

You visited 1 branch of the dungeon, and saw 5 of its levels.

You collected 184 gold pieces.

Inventory:

Hand Weapons
 a - a +0 spear of venom (weapon)
 g - a +0 dagger
Armour
 b - a +0 hat (worn)
 p - a scarf of resistance (worn)
 s - a +0 robe (worn)
Jewellery
 e - an amulet of rage (around neck)
Wands
 y - a wand of acid (8)
Scrolls
 h - 2 scrolls of remove curse {unknown}
 i - 2 scrolls of blinking {unknown}
 j - 3 scrolls of teleportation {unknown}
 l - a scroll of fog {unknown}
 n - a scroll of noise {unknown}
 r - a scroll of identify {unknown}
 u - 2 scrolls of immolation {unknown}
 B - a scroll of amnesia {unknown}
Potions
 k - 2 potions of lignification {unknown}
 o - 2 potions of flight {unknown}
 q - a potion of ambrosia {unknown}
 t - 2 potions of agility {unknown}
 v - 2 potions of might {unknown}
 x - a potion of mutation {unknown}
 z - a potion of haste {unknown}
 D - a potion of heal wounds {unknown}
Books
 c - a book of Minor Magic

   Spells                             Type                      Level
   a - Magic Dart                     Conjuration                  1
   b - Blink                          Translocation                2
   c - Call Imp                       Summoning                    2
   d - Slow                           Hexes                        2
   e - Conjure Flame                  Conjuration/Fire             3
   f - Mephitic Cloud                 Conjuration/Poison/Air       3
Comestibles
 d - 3 rations
 C - 4 chunks of flesh


   Skills:
 - Level 1.7 Dodging
 - Level 1.7 Stealth
 + Level 3.6 Spellcasting
 - Level 7.1 Conjurations
   Level 1.0 Summonings
 - Level 0.8 Translocations


You had 4 spell levels left.
You knew the following spells:

 Your Spells              Type           Power        Failure   Level  Hunger
a - Magic Dart            Conj           ####         1%          1    None
b - Conjure Flame         Conj/Fire      ###.....     9%          3    ###....
l - Blink                 Tloc           N/A          13%         2    ##.....
m - Mephitic Cloud        Conj/Pois/Air  ##......     14%         3    ###....


Dungeon Overview and Level Annotations

Branches:
Dungeon (5/15)
 Temple: D:4-7

Altars:
Sif Muna

Annotations:
D:4 Swippen's ghost, amateur GnWn


Innate Abilities, Weirdness & Mutations

You have a pair of antennae on your head.
You are partially covered in yellow scales. (AC +2)
A weak demonic guardian rushes to your aid.


Message History

Aiming: Conjure Flame
Press: ? - help, Dir - move target cursor The fire ignites!
Attack whom?
Press: ? - help, Dir - move target cursor, f - scorpion
Aim: a scorpion You reach to attack!
You barely miss the scorpion. You barely miss the scorpion.
The scorpion is engulfed in blazing flames.
The scorpion misses you.
You hit the scorpion.
The scorpion is heavily wounded.
The scorpion is engulfed in blazing flames.
The scorpion barely misses you.
The scorpion is engulfed in blazing flames.
You kill the scorpion!
You have reached level 7!
Your demonic ancestry asserts itself...
You feel the presence of a demonic guardian.
Are you sure you want to abandon this character and quit the game? (Confirm with "yes".)

...#.# ###..#.#
..#..#.# #.#..#.#
#.#..#.# #.#..#.#
#######.#..#.#
......ยง@....>#
#######.#..#.#
...#..#.#
########.###########
...................
######.###########
#######.# #.......#
#.......#


There were no monsters in sight!

Vanquished Creatures
  2 ogres (D:4)
  A phantom (D:4)
  A scorpion (D:4)
  2 orc priests
  An orc wizard (D:4)
  3 gnolls
  3 adders
  3 worms
  2 dart slugs
  6 leopard geckos
  10 orcs
  3 giant cockroaches
  6 hobgoblins
  A jackal (D:3)
  A quokka (D:2)
  3 ball pythons
  4 bats
  3 frilled lizards
  8 goblins
  4 kobolds
  A leopard gecko skeleton (D:5)
  7 rats
75 creatures vanquished.

Notes
Turn   | Place    | Note
-------+----------+-------------------------------------------
     0 | D:1      | removed the Demonspawn Wizard began the quest for the Orb.
     0 | D:1      | Reached XP level 1. HP: 13/13 MP: 4/4
   327 | D:1      | Reached skill level 2 in Conjurations
   380 | D:1      | Gained mutation: You are partially covered in yellow scales. (AC +2) [demonic ancestry]
   380 | D:1      | Reached XP level 2. HP: 19/19 MP: 3/6
   490 | D:1      | Learned a level 2 spell: Blink
   967 | D:1      | Reached skill level 3 in Conjurations
  1409 | D:2      | Gained mutation: You have a pair of small antennae on your head. [demonic ancestry]
  1409 | D:2      | Reached XP level 3. HP: 19/24 MP: 0/7
  1648 | D:2      | Learned a level 3 spell: Conjure Flame
  2109 | D:3      | Reached XP level 4. HP: 30/30 MP: 4/8
  2242 | D:2      | Learned a level 3 spell: Mephitic Cloud
  2255 | D:3      | Reached skill level 4 in Conjurations
  3215 | D:3      | Found a deep blue altar of Sif Muna.
  3247 | D:4      | Noticed an ogre
  3460 | D:4      | Noticed a phantom
  3460 | D:4      | Noticed Swippen's ghost (amateur GnWn)
  3593 | D:4      | Reached XP level 5. HP: 35/35 MP: 3/9
  3646 | D:4      | Noticed an ogre
  3658 | D:4      | Killed an ogre
  3658 | D:4      | Reached skill level 5 in Conjurations
  3674 | D:4      | Killed an ogre
  3674 | D:4      | Reached skill level 6 in Conjurations
  3674 | D:4      | Gained mutation: You have a pair of antennae on your head. [demonic ancestry]
  3674 | D:4      | Reached XP level 6. HP: 41/41 MP: 2/10
  4202 | D:4      | Reached skill level 7 in Conjurations
  4325 | D:5      | Entered Level 5 of the Dungeon
  4533 | D:4      | Gained mutation: A weak demonic guardian rushes to your aid. [demonic ancestry]
  4533 | D:4      | Reached XP level 7. HP: 46/46 MP: 7/12
  4534 | D:4      | Quit the game

Skill      XL: |  1  2  3  4  5  6 |
---------------+-------------------+-----
Conjurations   | 2 3 4 6 7 |  7.1
Dodging        | |  1.7
Stealth        | |  1.7
Spellcasting   | |  3.6
Summonings     | |  1.0
Translocations | |  0.8

Action                   |  1- 3 |  4- 6 |  7- 9 || total
-------------------------+-------+-------+-------++-------
Melee: Dagger            |    11 |       |       ||    11
       Spear             |    23 |    42 |       ||    65
 Cast: Magic Dart        |    90 |    92 |       ||   182
       Conjure Flame     |     2 |     7 |       ||     9
       Mephitic Cloud    |       |     2 |       ||     2
  Eat: Chunk             |     4 |     8 |       ||    12
Armor: Robe              |    12 |     7 |       ||    19
Dodge: Dodged            |    21 |    27 |       ||    48
